 Dungeon Crawl Stone Soup version 0.23-a0-730-g0b75920 (webtiles) character file.

142 Lavandula the Vandal (level 5, -1/48 HPs)
             Began as a Halfling Arcane Marksman on Jan 17, 2019.
             Succumbed to a worker ant's poison
             ... on level 5 of the Dungeon.
             The game lasted 00:06:14 (1041 turns).

Lavandula the Vandal (Halfling Arcane Marksman)     Turns: 1041, Time: 00:06:14

Health: -1/48      AC:  3    Str: 15 (17) XL:     5   Next: 49%
Magic:  6/6        EV: 14    Int:  9 (11) God:
Gold:   88         SH:  0    Dex: 12 (15) Spells: 4/6 levels left

rFire    + . .     SeeInvis .   a - +0 hunting sling
rCold    x . .     Gourm    .   (shield restricted)
rNeg     . . .     Faith    .   g - +0 leather armour
rPois    .         Spirit   .   (no helmet)
rElec    .         Reflect  .   (no cloak)
rCorr    .         Harm     .   (no gloves)
MR       .....                  (no boots)
Stlth    ..........             (no amulet)
HPRegen  0.16/turn              b - ring of fire
MPRegen  0.10/turn              (no ring)

@: berserking (expiring), lethally poisoned (-1 -> -20), very quick
A: small, mutation resistance 1
a: no special abilities


You were on level 5 of the Dungeon.
You were not hungry.

You visited 1 branch of the dungeon, and saw 5 of its levels.

You collected 88 gold pieces.

Inventory:

Hand Weapons
 a - a +0 hunting sling (weapon)
 k - a +4 whip
Missiles
 c - 8 poisoned needles
 d - 3 sling bullets (quivered)
 l - 32 stones
Armour
 e - a +0 robe
 g - a +0 leather armour (worn)
Jewellery
 b - a ring of fire (left hand)
Scrolls
 h - 3 scrolls of teleportation {unknown}
 i - 4 scrolls of noise {unknown}
 j - 2 scrolls of remove curse {unknown}
 n - 3 scrolls of identify {unknown}
Potions
 m - a potion of degeneration
 p - a potion of ambrosia
 q - a potion of invisibility {unknown}
Comestibles
 f - 8 rations


   Skills:
 - Level 0.8 Fighting
 + Level 7.7 Slings
 - Level 2.1 Dodging
 - Level 1.0 Spellcasting
 - Level 2.4 Hexes


You had 4 spell levels left.
You knew the following spells:

 Your Spells              Type           Power        Failure   Level  Hunger
a - Corona                Hex            #......      17%         1    ##.....
b - Animate Skeleton      Necr           N/A          41%         1    ##.....

Your spell library contained the following spells:

 Spells                   Type           Power        Failure   Level  Hunger
 Confusing Touch          Hex            #.....       17%         1    ##.....
 Slow                     Hex            #.......     26%         2    ###....
 Apportation              Tloc           #.....       41%         1    ##.....
 Summon Small Mammal      Summ           #...         41%         1    ##.....
 Inner Flame              Hex/Fire       #.......     63%         3    ####...
 Portal Projectile        Hex/Tloc       #.....       63%         3    ####...
 Cause Fear               Hex            #.........   86%         4    #####..
 Leda's Liquefaction      Hex/Erth       #.........   95%         4    #####..


Dungeon Overview and Level Annotations

Branches:
Dungeon (5/15)
 Temple: D:4-7

Altars:


Innate Abilities, Weirdness & Mutations

You are small and have problems with some larger weapons.
You are somewhat resistant to further mutation.


Message History

The worker ant is severely wounded.
* * * LOW HITPOINT WARNING * * *
You feel sick. The hound barely misses you. The worker ant barely misses you.
A gnoll comes into view.
The crimson imp disappears for a moment.
The crimson imp misses you.
The gnoll shouts!
You clumsily bash the worker ant but do no damage.
The worker ant is severely wounded.
* * * LOW HITPOINT WARNING * * *
You feel sick. The hound closely misses you. The worker ant bites you.
* * * LOW HITPOINT WARNING * * *
You are more poisoned.
The worker ant poisons you! The crimson imp misses you.
The hound barely misses you.
Unknown command.
You clumsily bash the worker ant.
You kill the worker ant!
You feel your intelligence returning.
You die...

##### .....## .......###
.........## ## ..........#
###.. ......(...# ###...
..........## ###...####
........(..#####........###
.....gg...h@(#............##
..........5##(...((.(..(..<#
.........######.....(......#
#####..### #...()......##
#..# ##..#.(.....#. #..#
##..###((.#.. ..#
##..#####... ##.# #..# #.
...#


You could see a hound, 2 gnolls and a crimson imp.

Vanquished Creatures
  A bullfrog skeleton (D:4)
  A worker ant (D:5)
  An orc wizard (D:4)
  2 adders (D:3)
  An ooze (D:1)
  A worm (D:2)
  3 leopard geckos
  2 orcs (D:5)
  2 ball pythons
  2 bats
  A giant cockroach (D:3)
  A goblin (D:3)
  4 jackals (D:4)
  A quokka (D:3)
  3 frilled lizards
  7 kobolds
  3 rats
36 creatures vanquished.

Notes
Turn   | Place    | Note
-------+----------+-------------------------------------------
     0 | D:1      | Lavandula the Halfling Arcane Marksman began the quest for
                  | the Orb.
     0 | D:1      | Reached XP level 1. HP: 12/12 MP: 2/2
   244 | D:2      | Reached XP level 2. HP: 18/18 MP: 3/3
   263 | D:2      | Reached skill level 4 in Slings
   388 | D:2      | Reached XP level 3. HP: 22/22 MP: 4/4
   447 | D:3      | Reached skill level 5 in Slings
   658 | D:3      | Reached XP level 4. HP: 27/27 MP: 5/5
   691 | D:4      | Reached skill level 6 in Slings
   726 | D:4      | Learned a level 1 spell: Animate Skeleton
   842 | D:4      | Reached skill level 7 in Slings
   842 | D:4      | Reached XP level 5. HP: 21/32 MP: 6/6
   866 | D:5      | Entered Level 5 of the Dungeon
  1040 | D:5      | HP: 1/48 [worker ant (6)]
  1041 | D:5      | Succumbed to a worker ant's poison

Vault maps used:
D:1:      dpeg_arrival_orchard, wander_ebering_terrifying_dragon_lair
D:2:      minmay_evil_eye, grunt_temple_overflow_growth_and_decay
D:3:      lemuel_crystal_altar, nicolae_overflow_hidden_temple, serial_forest,
          infiniplex_forest_lined_room_2, infiniplex_forest_clump_curved,
          infiniplex_forest_pool, infiniplex_forest_lined_1,
          infiniplex_forest_clump_diagonal, uniq_grinder
D:4:      first_ration
D:5:      serial_shops, shop, kennysheep_mini_moat, nicolae_shop_statue_plus,
          shop, nicolae_shop_crystal

Skill      XL: |  1  2  3  4 |
---------------+-------------+-----
Slings         | 4 5 7 |  7.7
Fighting       | |  0.8
Dodging        | |  2.1
Spellcasting   | |  1.0
Hexes          | |  2.4

Action                   |  1- 3 |  4- 6 || total
-------------------------+-------+-------++-------
Melee: Whip              |     6 |       ||     6
       Hunting sling     |       |     8 ||     8
 Fire: Hunting sling     |    59 |    73 ||   132
 Cast: Corona            |     3 |     1 ||     4
  Use: Potion            |       |     3 ||     3
Armor: Leather armour    |     3 |     8 ||    11
Dodge: Dodged            |    17 |    32 ||    49

Table legend:
 A = Non-vault XP
 B = Vault XP
 C = Vault XP percentage of total XP
 D = Non-vault monster count
 E = Vault monster count
 F = Vault count percentage of total count
                 A         B        C        D         E       F
            +---------+---------+-------+---------+---------+-------
      Total |     203 |       0 |   0.0 |      36 |       0 |   0.0
            +---------+---------+-------+---------+---------+-------
        D:1 |       8 |       0 |   0.0 |       3 |       0 |   0.0
        D:2 |      24 |       0 |   0.0 |      13 |       0 |   0.0
        D:3 |      37 |       0 |   0.0 |       9 |       0 |   0.0
        D:4 |      89 |       0 |   0.0 |       7 |       0 |   0.0
        D:5 |      45 |       0 |   0.0 |       4 |       0 |   0.0
            +---------+---------+-------+---------+---------+-------
